[Event "World Junior Chess Championship U20 2022"]
[White "Persico, Lorenzo"]
[Black "Kanyamarala, Tarun"]
[WhiteFideId "899240"]
[BlackFideId "45004714"]
[WhiteElo "2007"]
[BlackElo "2407"]
[Result "0-1"]
[Round "01"]
[TimeControl "5400+30"]
[Date "2022.10.12"]
[WhiteClock "0:00:39"]
[BlackClock "0:05:07"]

1. e4 c5 2. Nf3 e6 3. g3 d5 4. exd5 exd5 5. Bg2 Qe7+ 6. Qe2 Qxe2+ 7. Kxe2 Nc6 8. Re1 Nf6 9. Kf1+ Be7 10. d3 O-O 11. Bf4 h6 12. Nc3 Be6 13. Nb5 Rad8 14. Re2 a6 15. Nc3 Rfe8 16. Rae1 g5 17. Bc7 Rc8 18. Bb6 Nd7 19. Na4 g4 20. Ng1 Nd4 21. Rd2 Bg5 22. Rdd1 Nxc2 23. Re2 Nd4 24. Ree1 h5 25. f4 Be7 26. Rc1 h4 27. b4 hxg3 28. hxg3 Nf5 29. Bxc5 Nxg3+ 30. Kf2 Bh4 31. Red1 Nf5+ 32. Ke2 Bg3 33. Rf1 b5 34. Nb6 Nxb6 35. Bxb6 Rxc1 36. Rxc1 Bxf4 37. Rc5 Be3 38. Rc6 Bxg1 0-1


[Site "http://www.chessbomb.com"]

[Event "World Junior Chess Championship U20 2022"]
[White "Barseghyan, Armen Ar."]
[Black "Stolyarsky, Yegor"]
[WhiteFideId "13306707"]
[BlackFideId "2814595"]
[WhiteElo "2402"]
[BlackElo "1987"]
[Result "1-0"]
[Round "01"]
[TimeControl "5400+30"]
[Date "2022.10.12"]
[WhiteClock "0:41:46"]
[BlackClock "0:15:46"]

1. d4 d5 2. Nf3 e6 3. Bf4 Nf6 4. e3 Bd6 5. Nbd2 b6 6. Ne5 Bb7 7. Bb5+ c6 8. Bd3 Qc7 9. Qf3 Nbd7 10. Nxd7 Nxd7 11. Qg3 Bxf4 12. exf4 O-O-O 13. c3 c5 14. O-O h6 15. Rfe1 g5 16. f5 Qxg3 17. hxg3 Rde8 18. fxe6 Rxe6 19. Rxe6 fxe6 20. Re1 Re8 21. Bf5 Nf8 22. f4 Bc6 23. Bd3 Re7 24. Nf3 Rg7 25. Kf2 Be8 26. Rh1 g4 27. Ne5 h5 28. Ke3 c4 29. Bc2 b5 30. f5 exf5 31. Bxf5+ Kc7 32. Rf1 Kd6 33. Bxg4 Nh7 34. Bf5 Rxg3+ 35. Rf3 Rxf3+ 36. gxf3 Nf6 37. Kf4 Ng8 38. Kg5 Ne7 39. Bh3 a5 40. f4 b4 41. f5 Nc8 42. f6 Nb6 43. Bf5 b3 44. axb3 cxb3 45. Bg6 Bd7 46. Kh6 Be6 47. Bf5 h4 48. Bxe6 Kxe6 49. f7 Nd7 50. Kg7 h3 51. Nxd7 h2 52. Nc5+ 1-0


[Site "http://www.chessbomb.com"]

[Event "World Junior Chess Championship U20 2022"]
[White "Karsten, Jan"]
[Black "Bournel, Antoine"]
[WhiteFideId "14350653"]
[BlackFideId "26093553"]
[WhiteElo "1985"]
[BlackElo "2402"]
[Result "0-1"]
[Round "01"]
[TimeControl "5400+30"]
[Date "2022.10.12"]
[WhiteClock "0:01:59"]
[BlackClock "0:13:59"]

1. e4 c6 2. d4 d5 3. e5 Bf5 4. h4 h5 5. Bd3 Bxd3 6. Qxd3 Qa5+ 7. Nd2 e6 8. Nf3 Ne7 9. O-O Nf5 10. a4 Be7 11. Nb3 Qa6 12. Qc3 Nxh4 13. Nxh4 Bxh4 14. Nc5 Qb6 15. Ra3 Qc7 16. Qh3 Be7 17. Nxe6 fxe6 18. Qxe6 Nd7 19. Qg6+ Kd8 20. Qxg7 Re8 21. Rd3 Nf8 22. Qf7 Qd7 23. f4 c5 24. c3 cxd4 25. cxd4 Rc8 26. f5 Rc2 27. Bf4 Qc6 28. Rc3 Rxc3 29. bxc3 Nd7 30. f6 Ba3 31. Bd2 h4 32. Qh5 Nf8 33. Qxh4 Re6 34. Qh8 Kc7 35. Qg7+ Nd7 36. Qf7 Kb6 37. Ra1 Nxe5 38. dxe5 Rxe5 39. Kh1 Re4 40. Rb1+ Ka6 41. Qh7 b6 42. Bg5 Qe6 43. Rf1 Qg4 44. Qh6 Re5 45. Rf4 Qg3 46. Rf1 Rxg5 47. Qh3 Qxh3+ 48. gxh3 Rg3 0-1


[Site "http://www.chessbomb.com"]

[Event "World Junior Chess Championship U20 2022"]
[White "Peyrer, Konstantin"]
[Black "Momin, Fayzan"]
[WhiteFideId "1640879"]
[BlackFideId "7805225"]
[WhiteElo "2402"]
[BlackElo "1974"]
[Result "1-0"]
[Round "01"]
[TimeControl "5400+30"]
[Date "2022.10.12"]
[WhiteClock "0:52:50"]
[BlackClock "0:42:38"]

1. Nf3 d5 2. g3 Nd7 3. Bg2 e5 4. d3 Ngf6 5. O-O Bd6 6. Nc3 O-O 7. e4 c6 8. Nh4 Nb6 9. Nf5 Bxf5 10. exf5 Re8 11. g4 d4 12. Ne4 Nxe4 13. Bxe4 Be7 14. Qf3 Bg5 15. Kh1 Na4 16. Qg3 Rb8 17. f4 exf4 18. Bxf4 Bxf4 19. Rxf4 f6 20. g5 fxg5 21. Rg4 Qf6 22. Rg1 Rbd8 23. h4 Qh6 24. Kg2 gxh4 25. Rxh4 Qf6 26. Rgh1 h6 27. Rxh6 Qe5 28. Qxe5 1-0


[Site "http://www.chessbomb.com"]

[Event "World Junior Chess Championship U20 2022"]
[White "Vairo, Rocco Enrico"]
[Black "Di Benedetto, Edoardo"]
[WhiteFideId "2839437"]
[BlackFideId "875740"]
[WhiteElo "1960"]
[BlackElo "2396"]
[Result "0-1"]
[Round "01"]
[TimeControl "5400+30"]
[Date "2022.10.12"]
[WhiteClock "0:01:00"]
[BlackClock "0:02:45"]

1. e4 e6 2. d4 d5 3. Nc3 Nf6 4. e5 Nfd7 5. Nce2 c5 6. c3 Nc6 7. Nf3 Qa5 8. a3 cxd4 9. b4 Qc7 10. cxd4 b5 11. Nf4 Qb6 12. Be2 a5 13. bxa5 Qxa5+ 14. Bd2 Qb6 15. Be3 Rxa3 16. O-O Rxa1 17. Qxa1 Be7 18. Rc1 Bb7 19. Qb1 b4 20. Bd3 g6 21. h4 Ndb8 22. g3 Kd7 23. Qb2 Rc8 24. Ng5 Bxg5 25. hxg5 Na5 26. Rb1 Nbc6 27. Kg2 b3 28. Rh1 Rh8 29. Rd1 Kc8 30. Rc1 Kb8 31. Kg1 Nb4 32. Rc3 Rc8 33. Bd2 Nxd3 34. Rxd3 Nc4 35. Rxb3 Nxb2 36. Rxb6 Nc4 0-1


[Site "http://www.chessbomb.com"]

[Event "World Junior Chess Championship U20 2022"]
[White "Lumachi, Gabriele"]
[Black "De Ieso, Lorenzo"]
[WhiteFideId "2817247"]
[BlackFideId "2894101"]
[WhiteElo "2387"]
[BlackElo "1938"]
[Result "1-0"]
[Round "01"]
[TimeControl "5400+30"]
[Date "2022.10.12"]
[WhiteClock "0:21:44"]
[BlackClock "0:01:15"]

1. d4 Nf6 2. c4 e6 3. Nf3 d5 4. Nc3 Bb4 5. Bg5 h6 6. Bxf6 Qxf6 7. Qb3 c5 8. cxd5 exd5 9. e3 O-O 10. dxc5 Bxc3+ 11. Qxc3 Qxc3+ 12. bxc3 Nd7 13. Rd1 Nf6 14. c4 dxc4 15. Bxc4 Bg4 16. Rc1 Bxf3 17. gxf3 Rac8 18. Ke2 Rc7 19. Bd3 Nd7 20. c6 bxc6 21. Rc2 Rb8 22. Rhc1 c5 23. Bf5 g6 24. Bxd7 Rxd7 25. Rxc5 Rb2+ 26. R1c2 Rxc2+ 27. Rxc2 Rd5 28. Rc4 Kg7 29. Ra4 Kf6 30. Ra6+ Kg7 31. Kf1 Rd7 32. f4 h5 33. Kg2 Re7 34. Kg3 Kh7 35. a4 f5 36. a5 Kh6 37. Rc6 Rd7 38. a6 Re7 39. Kf3 Rd7 40. h4 Re7 41. Ke2 Rd7 42. e4 Rd4 43. f3 fxe4 44. Ke3 Rd3+ 45. Kxe4 Ra3 46. f5 Ra4+ 47. Ke3 Rxh4 48. Rxg6+ Kh7 49. Rc6 Ra4 50. Rc7+ Kg8 51. Rxa7 Kf8 52. Ra8+ Kf7 53. a7 Kg7 54. f6+ 1-0


[Site "http://www.chessbomb.com"]

[Event "World Junior Chess Championship U20 2022"]
[White "Liloni, Francesco Mattia"]
[Black "Chukavin, Kirill"]
[WhiteFideId "2872264"]
[BlackFideId "4503023"]
[WhiteElo "1876"]
[BlackElo "2384"]
[Result "0-1"]
[Round "01"]
[TimeControl "5400+30"]
[Date "2022.10.12"]
[WhiteClock "0:42:56"]
[BlackClock "0:06:50"]

1. e4 c5 2. Nc3 Nc6 3. Bb5 Nd4 4. Nf3 e6 5. O-O Qc7 6. Nxd4 cxd4 7. Ne2 Nf6 8. d3 a6 9. Ba4 Bc5 10. c3 dxc3 11. d4 cxb2 12. Bxb2 Be7 13. Rc1 Qb6 14. Rb1 Nxe4 15. d5 Qd6 16. Nd4 O-O 17. Bc2 Nf6 18. Re1 b5 19. Qd3 Bb7 20. Nc6 dxc6 21. Bxf6 g6 22. Be5 Qxd5 23. Qh3 Rfd8 24. Bb3 Qd3 25. Qh6 Bf8 26. Qh4 g5 27. Qxg5+ Qg6 28. Qh4 c5 29. g3 h6 30. Rb2 Bg7 31. Bc2 Qg5 32. Qxg5 hxg5 33. Bxg7 Kxg7 34. Re5 Rd5 35. Re2 Rad8 36. f4 c4 37. fxg5 Rd2 0-1


[Site "http://www.chessbomb.com"]

[Event "World Junior Chess Championship U20 2022"]
[White "Isik, Alparslan"]
[Black "Dimakis, Stavros"]
[WhiteFideId "34506896"]
[BlackFideId "25879472"]
[WhiteElo "2377"]
[BlackElo "1832"]
[Result "1-0"]
[Round "01"]
[TimeControl "5400+30"]
[Date "2022.10.12"]
[WhiteClock "0:17:38"]
[BlackClock "0:01:16"]

1. Nf3 d5 2. g3 Nc6 3. d4 Bf5 4. Bg2 Nb4 5. Na3 e6 6. O-O Nf6 7. c3 Nc6 8. Nc2 Be4 9. b3 Be7 10. Bb2 O-O 11. c4 a5 12. Ne3 a4 13. bxa4 dxc4 14. Nxc4 Nb4 15. a3 Nbd5 16. a5 b5 17. axb6 Nxb6 18. Nxb6 cxb6 19. Ne5 Bxg2 20. Kxg2 Qd5+ 21. f3 Rfc8 22. a4 b5 23. e4 Qb7 24. Qb3 b4 25. Rf2 h6 26. Rd2 Ra5 27. Rad1 Qa6 28. d5 exd5 29. exd5 Nxd5 30. Rxd5 Qe2+ 31. Kh3 Rxd5 32. Qxd5 Rf8 33. Ng6 Qxb2 34. Nxe7+ Kh8 35. Qd4 Qxd4 36. Rxd4 b3 37. Rb4 Ra8 38. Nd5 1-0


[Site "http://www.chessbomb.com"]

[Event "World Junior Chess Championship U20 2022"]
[White "Porcu, Riccardo"]
[Black "Gatineau, Yovann"]
[WhiteFideId "28536690"]
[BlackFideId "26028999"]
[WhiteElo "1759"]
[BlackElo "2375"]
[Result "0-1"]
[Round "01"]
[TimeControl "5400+30"]
[Date "2022.10.12"]
[WhiteClock "0:01:27"]
[BlackClock "0:01:00"]

1. d4 Nf6 2. c4 e6 3. Nc3 Bb4 4. Qc2 b6 5. e3 Bb7 6. Ne2 c5 7. a3 Ba5 8. Ng3 O-O 9. f3 d5 10. cxd5 exd5 11. Bd3 Nc6 12. O-O Rc8 13. Bf5 Rc7 14. Nb5 Re7 15. dxc5 bxc5 16. Qxc5 Bb6 17. Qc2 g6 18. Bh3 Bxe3+ 19. Bxe3 Rxe3 20. Qc5 Qb6 21. Qxb6 axb6 22. Rac1 Rb3 23. Rxc6 Bxc6 24. Nd4 Ba4 25. Nxb3 Bxb3 26. Re1 d4 27. Ne4 Nd5 28. Nd2 Bc2 29. g3 Rd8 30. Kf2 Ne3 31. Bf1 Nd1+ 32. Kg2 Nxb2 33. Re5 Ba4 34. Re1 Nd1 35. Bd3 Kg7 36. Re7 Nb2 37. Bb1 Rd7 38. Rxd7 Bxd7 39. Kf2 Kf6 40. Nb3 Ke5 41. Ke2 Bb5+ 42. Kd2 Nc4+ 0-1


[Site "http://www.chessbomb.com"]

[Event "World Junior Chess Championship U20 2022"]
[White "Milosevic, Milos"]
[Black "van der Merwe, Alexander"]
[WhiteFideId "964875"]
[BlackFideId "14323842"]
[WhiteElo "2379"]
[BlackElo "1746"]
[Result "1-0"]
[Round "01"]
[TimeControl "5400+30"]
[Date "2022.10.12"]
[WhiteClock "0:25:24"]
[BlackClock "0:00:31"]

1. d4 Nf6 2. Nc3 d5 3. Bf4 g6 4. e3 Bg7 5. h4 h5 6. Nf3 O-O 7. Be2 c5 8. Ne5 Nc6 9. Nxc6 bxc6 10. O-O cxd4 11. exd4 Nd7 12. Na4 e5 13. Bg5 Qa5 14. c3 Ba6 15. Bxa6 Qxa6 16. b3 Rfe8 17. dxe5 Rxe5 18. Rc1 c5 19. Be3 Qc6 20. Qd2 Bf8 21. Bg5 Rae8 22. Rfe1 Nf6 23. Rxe5 Rxe5 24. Qf4 Rf5 25. Qb8 Qd6 26. Qxd6 Bxd6 27. Rd1 Kg7 28. f3 Nd7 29. Kf2 Nf8 30. Be3 Ne6 31. a3 Be7 32. g3 d4 33. Bd2 Rd5 34. c4 Rd6 35. Ke2 f5 36. Kd3 f4 37. gxf4 Bxh4 38. Rh1 Be7 39. f5 gxf5 40. Rxh5 Kg6 41. Rh8 Rd7 42. b4 Kg7 43. Rc8 cxb4 44. axb4 Rb7 45. c5 Kf6 46. Kc4 Bd8 47. Rc6 Kf7 48. Rd6 Be7 49. Rd5 Kf6 50. c6 Rc7 51. b5 a6 52. Ba5 Rc8 53. bxa6 Rxc6+ 54. Kb5 Rc8 55. a7 d3 56. Rxd3 Nc5 57. Nxc5 Bxc5 58. Bb6 Be7 59. Ka6 1-0


[Site "http://www.chessbomb.com"]

[Event "World Junior Chess Championship U20 2022"]
[White "Monferrato, Rocco"]
[Black "Mladek, Richard"]
[WhiteFideId "3016536"]
[BlackFideId "386588"]
[WhiteElo "1563"]
[BlackElo "2371"]
[Result "0-1"]
[Round "01"]
[TimeControl "5400+30"]
[Date "2022.10.12"]
[WhiteClock "0:04:55"]
[BlackClock "0:32:39"]

1. e4 c5 2. Nf3 d6 3. d4 cxd4 4. Nxd4 Nf6 5. Nc3 a6 6. Be2 e5 7. Nb3 Be7 8. Be3 O-O 9. g4 Be6 10. g5 Ne8 11. Qd2 Nd7 12. Nd5 Bxd5 13. exd5 f5 14. f4 Qc7 15. h4 Rc8 16. O-O-O Nb6 17. Na5 Na4 18. Nb3 Bd8 19. fxe5 dxe5 20. c3 Nd6 21. Rdf1 Be7 22. Bf2 b5 23. Kb1 Kh8 24. Rfg1 Nc4 25. Bxc4 bxc4 26. Nc1 Rb8 27. b4 cxb3 28. axb3 Nxc3+ 29. Kb2 Ba3+ 30. Ka1 Ne4 0-1


[Site "http://www.chessbomb.com"]

[Event "World Junior Chess Championship U20 2022"]
[White "Rohith, Krishna S"]
[Black "Vivoli, Alessandro"]
[WhiteFideId "46617051"]
[BlackFideId "11800240"]
[WhiteElo "2370"]
[BlackElo "1555"]
[Result "1-0"]
[Round "01"]
[TimeControl "5400+30"]
[Date "2022.10.12"]
[WhiteClock "0:37:02"]
[BlackClock "0:01:24"]

1. d4 d5 2. c4 e6 3. Nf3 Nf6 4. g3 c6 5. Bg2 Be7 6. O-O O-O 7. Qc2 Nbd7 8. Rd1 Re8 9. b3 c5 10. Nc3 dxc4 11. bxc4 cxd4 12. Nxd4 e5 13. Nf5 Bf8 14. Rb1 Rb8 15. Be3 a6 16. Ba7 Qc7 17. Bxb8 Qxb8 18. Ne3 Bc5 19. Ned5 Qa7 20. e3 Nxd5 21. Rxd5 Nf6 22. Rd2 g6 23. Ne4 Nxe4 24. Bxe4 Kg7 25. Qc3 Re7 26. Rd5 f6 27. Rd8 Be6 28. Bd5 b6 29. Bxe6 Rxe6 30. Rbd1 Re7 31. Qd3 a5 32. Qd5 Rf7 33. Qc6 Qb7 34. Qxb7 Rxb7 35. R1d7+ Rxd7 36. Rxd7+ Kg8 37. Kf1 e4 38. Ke2 f5 39. h3 h5 40. h4 Kf8 41. Rb7 Kg8 42. Kd1 Kf8 43. Kc2 Bb4 44. Rxb6 Be1 45. Rxg6 Bxf2 46. Kd2 Kf7 47. Rg5 Kf6 48. Ke2 Bg1 49. c5 1-0


[Site "http://www.chessbomb.com"]

[Event "World Junior Chess Championship U20 2022"]
[White "Abdulla, Younes Alkhemeiri"]
[Black "Vestby-Ellingsen, Mads"]
[WhiteFideId "9324577"]
[BlackFideId "1520857"]
[WhiteElo "1405"]
[BlackElo "2365"]
[Result "0-1"]
[Round "01"]
[TimeControl "5400+30"]
[Date "2022.10.12"]
[WhiteClock "0:24:57"]
[BlackClock "0:04:11"]

1. d4 Nf6 2. c4 c5 3. d5 e6 4. Nc3 exd5 5. cxd5 d6 6. e4 g6 7. Bb5+ Nbd7 8. Nf3 a6 9. Bxd7+ Nxd7 10. a4 Bg7 11. Bf4 Qe7 12. O-O O-O 13. Qc1 Rb8 14. Bh6 b5 15. Bxg7 Kxg7 16. axb5 axb5 17. Qf4 Re8 18. Rfe1 b4 19. Nb1 Nb6 20. Nbd2 f6 21. b3 g5 22. Qe3 Bd7 23. Ra7 Ra8 24. Rea1 Rxa7 25. Rxa7 Ra8 26. Rxa8 Nxa8 27. Nc4 Bb5 28. Nfd2 Bxc4 29. Nxc4 Nc7 30. f3 Nb5 31. g3 Qa7 32. f4 Qa1+ 33. Kf2 Nc3 34. Kg2 Qa2+ 35. Kh3 Nd1 36. Qd2 Qxb3 37. Nxd6 Qf3 38. Nf5+ Kf8 39. d6 Nf2+ 40. Qxf2 Qxf2 0-1


[Site "http://www.chessbomb.com"]

[Event "World Junior Chess Championship U20 2022"]
[White "Stremavicius, Pijus"]
[Black "Ghaith, Saeed Alnuaimi"]
[WhiteFideId "12812730"]
[BlackFideId "9309152"]
[WhiteElo "2363"]
[BlackElo "1269"]
[Result "1-0"]
[Round "01"]
[TimeControl "5400+30"]
[Date "2022.10.12"]
[WhiteClock "1:09:51"]
[BlackClock "0:03:21"]

1. Nf3 Nf6 2. d4 e6 3. Bg5 Be7 4. Nbd2 b6 5. e3 Bb7 6. Bd3 d5 7. Ne5 Nbd7 8. f4 h6 9. Bh4 c5 10. c3 O-O 11. Bxf6 Bxf6 12. O-O Nxe5 13. fxe5 Bg5 14. Qe2 f5 15. exf6 Bxf6 16. Bc2 Qe7 17. Qd3 g5 18. Rae1 c4 19. Qg6+ Qg7 20. Qh5 e5 21. dxe5 Bxe5 22. Nf3 Bf6 23. Nd4 Bxd4 24. exd4 Rxf1+ 25. Rxf1 Rf8 26. Bf5 Bc8 27. Bxc8 Rxc8 28. Qg4 Re8 29. Qf5 Rf8 30. Qxd5+ Kh8 31. Qe5 Qxe5 32. Rxf8+ Kg7 33. dxe5 Kxf8 34. Kf2 Ke7 35. Ke3 Ke6 36. Kd4 b5 37. g4 a6 38. a3 a5 39. Ke4 a4 40. Kd4 Kd7 41. Kd5 Ke7 42. e6 Ke8 43. Kd6 Kd8 44. e7+ Ke8 45. Ke6 1-0


[Site "http://www.chessbomb.com"]

[Event "World Junior Chess Championship U20 2022"]
[White "Salem, Muhsan Shuaib"]
[Black "Yaniv, Yuval"]
[WhiteFideId "9325824"]
[BlackFideId "2823900"]
[WhiteElo "1227"]
[BlackElo "2359"]
[Result "0-1"]
[Round "01"]
[TimeControl "5400+30"]
[Date "2022.10.12"]
[WhiteClock "0:07:24"]
[BlackClock "0:24:25"]

1. d4 Nf6 2. c4 g6 3. Nc3 Bg7 4. Bg5 d6 5. e3 O-O 6. Nf3 Na6 7. Bd3 c5 8. d5 Nc7 9. O-O Rb8 10. Rb1 b5 11. b3 b4 12. Ne2 Bg4 13. Nf4 h6 14. Bxf6 exf6 15. h3 Bd7 16. Re1 f5 17. Qc2 Re8 18. e4 fxe4 19. Bxe4 Qf6 20. Ne2 h5 21. Ng3 h4 22. Nf1 Re7 23. Bd3 Rxe1 24. Rxe1 Bxh3 25. N1d2 Bg4 26. Ne4 Qd8 27. Nfg5 f5 0-1


[Site "http://www.chessbomb.com"]

[Event "World Junior Chess Championship U20 2022"]
[White "Jakab, Bela"]
[Black "Ahmed, Younes Alkhemeiri"]
[WhiteFideId "14933128"]
[BlackFideId "9324585"]
[WhiteElo "2353"]
[BlackElo "1139"]
[Result "1-0"]
[Round "01"]
[TimeControl "5400+30"]
[Date "2022.10.12"]
[WhiteClock "1:20:55"]
[BlackClock "1:25:44"]

1. e3 d5 2. d4 Nf6 3. Nf3 e6 4. Bd3 Nc6 5. O-O Bd6 6. Nbd2 O-O 7. c4 dxc4 8. Nxc4 Nb4 9. Bb1 Re8 10. a3 Nc6 11. e4 Bf8 12. e5 Nd5 13. Bxh7+ Kxh7 14. Ng5+ Kg8 15. Qh5 Bxa3 16. Qxf7+ Kh8 17. Qh5+ Kg8 18. Qh7+ Kf8 19. Qh8+ 1-0


[Site "http://www.chessbomb.com"]

[Event "World Junior Chess Championship U20 2022"]
[White "Esipenko, Andrey"]
[Black "Harshavardhan, G B"]
[WhiteFideId "24175439"]
[BlackFideId "25059009"]
[WhiteElo "2668"]
[BlackElo "2433"]
[Result "1-0"]
[Round "02"]
[TimeControl "5400+30"]
[Date "2022.10.13"]
[WhiteClock "0:02:56"]
[BlackClock "0:03:21"]

1. e4 c5 2. Nf3 d6 3. Bb5+ Nd7 4. Ba4 Nf6 5. O-O g6 6. Qe2 Bg7 7. c3 O-O 8. d4 e5 9. dxe5 Nxe5 10. Nxe5 dxe5 11. Bb3 Qe8 12. Bg5 Nh5 13. Nd2 Be6 14. g3 b6 15. Bxe6 Qxe6 16. a4 Rab8 17. Rfd1 h6 18. Be3 Rfc8 19. Nc4 Nf6 20. Rd6 Qe7 21. f3 Ne8 22. Rd2 Rd8 23. Rad1 Nc7 24. Rd6 Ne6 25. R1d5 Rxd6 26. Rxd6 Rd8 27. Qd2 Rxd6 28. Qxd6 Qe8 29. b3 b5 30. axb5 Qxb5 31. Qd1 a5 32. Na3 Qb7 33. Bf2 Kh7 34. Kg2 h5 35. Qd5 Qa6 36. Nc4 h4 37. Qd7 a4 38. Qxa4 Qc8 39. Nb6 h3+ 40. Kf1 Qd8 41. Nd5 Ng5 42. Ke2 f5 43. Be3 fxe4 44. fxe4 Nf7 45. Qc6 Nd6 46. c4 Nxe4 47. Qe6 Qa8 48. Qxh3+ Kg8 49. Qe6+ Kh8 50. Kd3 Qa1 51. Kxe4 Qh1+ 52. Kd3 Qd1+ 53. Bd2 e4+ 54. Qxe4 Qb1+ 55. Ke3 Bd4+ 56. Kf4 Qd1 57. Bc3 Qc1+ 58. Qe3 Qxe3+ 59. Nxe3 Bxc3 60. Ke4 Bd4 61. b4 Kg7 62. b5 Bc3 63. b6 Ba5 64. Nd5 1-0


[Site "http://www.chessbomb.com"]

[Event "World Junior Chess Championship U20 2022"]
[White "Svane, Frederik"]
[Black "Moksh, Amit Doshi"]
[WhiteFideId "12923044"]
[BlackFideId "25064967"]
[WhiteElo "2566"]
[BlackElo "2430"]
[Result "1-0"]
[Round "02"]
[TimeControl "5400+30"]
[Date "2022.10.13"]
[WhiteClock "0:27:29"]
[BlackClock "0:27:59"]

1. c4 Nf6 2. Nc3 e5 3. Nf3 Nc6 4. e4 Bb4 5. d3 d6 6. a3 Bc5 7. b4 Bb6 8. Be3 O-O 9. Be2 Bg4 10. Na4 Bxf3 11. Bxf3 Bxe3 12. fxe3 a5 13. b5 Ne7 14. O-O c6 15. Rb1 Ng6 16. Rf2 Nh4 17. Nc3 Qe7 18. Qd2 Nxf3+ 19. Rxf3 d5 20. exd5 cxd5 21. Rbf1 dxc4 22. Rxf6 gxf6 23. dxc4 f5 24. Nd5 Qd6 25. Rxf5 f6 26. c5 Qe6 27. e4 Rf7 28. h3 Kh8 29. Qf2 Raf8 30. a4 Rg7 31. Kh2 Rg6 32. Rf3 Rf7 33. Qc2 Rg8 34. Rf5 Rg5 35. Rf3 Rg8 36. Rf5 Rg5 37. Rxg5 fxg5 38. c6 bxc6 39. bxc6 Rf8 40. Qc5 Rc8 41. c7 Qf7 42. Qd6 Re8 43. Qd8 Qf8 44. Qxe8 Qxe8 45. Nb6 1-0


[Site "http://www.chessbomb.com"]

[Event "World Junior Chess Championship U20 2022"]
[White "Ghimpu, Samuel-Timotei"]
[Black "Mendonca, Leon Luke"]
[WhiteFideId "1238175"]
[BlackFideId "35028561"]
[WhiteElo "2434"]
[BlackElo "2558"]
[Result "1-0"]
[Round "02"]
[TimeControl "5400+30"]
[Date "2022.10.13"]
[WhiteClock "0:32:03"]
[BlackClock "0:28:41"]

1. e4 c5 2. Nf3 d6 3. d4 cxd4 4. Nxd4 Nf6 5. f3 e5 6. Nb3 Be6 7. c4 a5 8. Be3 b5 9. cxb5 d5 10. exd5 Nxd5 11. Bf2 Bb4+ 12. N3d2 Nd7 13. Bc4 Ne3 14. Bxe3 Bxc4 15. a3 Bxd2+ 16. Qxd2 Bxb5 17. Nc3 Bc6 18. O-O O-O 19. b4 axb4 20. axb4 Nf6 21. b5 Qxd2 22. Bxd2 Rxa1 23. Rxa1 Ra8 24. Re1 Bb7 25. Rxe5 Re8 26. Rc5 Rc8 27. Na4 Nd7 28. Rxc8+ Bxc8 29. Kf2 f6 30. Ke3 Kf7 31. Kd4 Ke7 32. Nc5 g6 33. Bb4 Kd8 34. Ba5+ Ke7 35. Kd5 Nb8 36. Bc7 Nd7 37. Bd6+ Kd8 38. Ne6+ Ke8 39. Nc7+ Kd8 40. Ne6+ Ke8 41. Kc6 Ne5+ 42. Bxe5 Bxe6 43. b6 1-0


[Site "http://www.chessbomb.com"]

[Event "World Junior Chess Championship U20 2022"]
[White "Murzin, Volodar"]
[Black "Droin, Augustin"]
[WhiteFideId "44155573"]
[BlackFideId "45105987"]
[WhiteElo "2557"]
[BlackElo "2416"]
[Result "1-0"]
[Round "02"]
[TimeControl "5400+30"]
[Date "2022.10.13"]
[WhiteClock "0:08:20"]
[BlackClock "0:29:40"]

1. e4 c5 2. Nf3 d6 3. d4 Nf6 4. Nc3 cxd4 5. Nxd4 Bd7 6. Bg5 e6 7. f4 Nc6 8. Qd2 h6 9. Bxf6 Qxf6 10. Ndb5 O-O-O 11. O-O-O Be8 12. Qe3 a6 13. Nd4 g5 14. Nxc6 Bxc6 15. Qb6 Qxf4+ 16. Kb1 Qe5 17. Nd5 Rd7 18. Bxa6 Bxd5 19. exd5 bxa6 20. Rhe1 Qf6 21. Rf1 Qg6 22. dxe6 fxe6 23. Rd3 Rc7 24. Qxa6+ Kd7 25. Rxf8 Rxf8 26. Qxd6+ Ke8 27. Qd8+ Kf7 28. Rf3+ Kg7 29. Qxc7+ Kg8 30. Rxf8+ Kxf8 31. Qc8+ Ke7 32. Qb7+ Ke8 33. a4 Qh5 34. Qc6+ Ke7 35. a5 1-0


[Site "http://www.chessbomb.com"]

[Event "World Junior Chess Championship U20 2022"]
[White "Petriashvili, Nikoloz"]
[Black "Ivic, Velimir"]
[WhiteFideId "13611216"]
[BlackFideId "950122"]
[WhiteElo "2428"]
[BlackElo "2553"]
[Result "1/2-1/2"]
[Round "02"]
[TimeControl "5400+30"]
[Date "2022.10.13"]
[WhiteClock "0:46:38"]
[BlackClock "0:01:09"]

1. e4 c5 2. Nc3 Nc6 3. Nf3 g6 4. d4 cxd4 5. Nxd4 Bg7 6. Be3 Nf6 7. Bc4 O-O 8. Bb3 d6 9. f3 Bd7 10. Qd2 Nxd4 11. Bxd4 b5 12. Nd5 Nxd5 13. Bxd5 Rc8 14. c3 a5 15. a3 Bxd4 16. Qxd4 Qc7 17. O-O Qc5 18. Rac1 Rc7 19. Rfd1 Rfc8 20. Ra1 Qxd4+ 21. Rxd4 Kg7 22. h4 Rc5 23. Kf2 Kf6 24. Ke3 e6 25. Bb3 Ke7 26. Rad1 R8c6 27. f4 Bc8 28. g3 Rb6 29. R1d2 h6 30. Rd1 f5 31. R1d2 fxe4 32. Rxe4 e5 33. fxe5 dxe5 34. Ke2 Bf5 35. Re3 g5 36. hxg5 hxg5 37. Rd5 Rxd5 38. Bxd5 Rd6 39. c4 bxc4 40. Bxc4 Bg4+ 41. Ke1 Rd1+ 42. Kf2 Rd2+ 43. Ke1 Rd1+ 44. Kf2 Kd6 45. b4 Rd2+ 46. Ke1 Rd1+ 47. Kf2 axb4 48. axb4 Rd2+ 49. Ke1 Rc2 50. Bb3 Rb2 51. Rd3+ Kc7 52. Rc3+ Kd6 53. Rd3+ Ke7 54. Rc3 Be6 55. Bxe6 Kxe6 56. Rc4 Rg2 57. Rc3 Kd5 58. Rd3+ Kc4 59. Re3 Kd4 60. Rb3 Kc4 61. Re3 Kd4 1/2-1/2


[Site "http://www.chessbomb.com"]

[Event "World Junior Chess Championship U20 2022"]
[White "Sokolovsky, Yahli"]
[Black "Iniyan, P"]
[WhiteFideId "2820242"]
[BlackFideId "25002767"]
[WhiteElo "2416"]
[BlackElo "2541"]
[Result "1-0"]
[Round "02"]
[TimeControl "5400+30"]
[Date "2022.10.13"]
[WhiteClock "0:07:16"]
[BlackClock "0:07:49"]

1. e4 c5 2. Nf3 d6 3. d4 cxd4 4. Nxd4 Nf6 5. Nc3 a6 6. Bd3 e5 7. Nde2 Be7 8. O-O Nbd7 9. a4 h6 10. Be3 Nc5 11. Kh1 Bd7 12. Bxc5 dxc5 13. Bc4 O-O 14. Ng3 g6 15. Nd5 Nxd5 16. Bxd5 Qc7 17. c4 Rad8 18. Ne2 Kg7 19. Nc3 Bc8 20. a5 h5 21. Qe1 h4 22. Na4 Bd7 23. Nb6 Be8 24. Qc3 Bf6 25. Rae1 Rh8 26. Re2 Rh5 27. Kg1 Rb8 28. b3 Qd6 29. Qh3 Bd8 30. Nc8 Qc7 31. Nb6 Qd6 32. Qc3 Qf6 33. f4 exf4 34. e5 Qg5 35. Qh3 Bc7 36. e6 f6 37. Nd7 Rd8 38. Bxb7 Qf5 39. Qxf5 Rxf5 40. Rd1 Bxa5 41. Rd3 Bc7 42. Bc6 Rc8 43. Bb7 Rd8 44. Red2 Ba5 45. Rd1 Kh6 46. Be4 Rg5 47. Nxf6 Rb8 48. Rd7 Bxd7 49. Rxd7 Rh5 50. e7 Re5 51. Ng4+ 1-0


[Site "http://www.chessbomb.com"]

[Event "World Junior Chess Championship U20 2022"]
[White "Sonis, Francesco"]
[Black "Siddharth, Jagadeesh"]
[WhiteFideId "895733"]
[BlackFideId "5818320"]
[WhiteElo "2531"]
[BlackElo "2415"]
[Result "1-0"]
[Round "02"]
[TimeControl "5400+30"]
[Date "2022.10.13"]
[WhiteClock "0:04:36"]
[BlackClock "0:00:33"]

1. Nf3 d5 2. e3 Nf6 3. c4 e6 4. b3 b6 5. Bb2 Bb7 6. Nc3 Nbd7 7. Rc1 a6 8. cxd5 exd5 9. Ne2 Bd6 10. Ned4 c5 11. Nf5 Bf8 12. d4 g6 13. Ng3 Bd6 14. Ne5 O-O 15. Be2 Qe7 16. Nxd7 Nxd7 17. Bf3 cxd4 18. Qxd4 Be5 19. Qd2 Bxb2 20. Qxb2 Ne5 21. Qd4 Rac8 22. O-O Nxf3+ 23. gxf3 Rc5 24. Rcd1 Qe6 25. Rd2 Rfc8 26. Kg2 f6 27. Rfd1 Qe5 28. Qb4 Qe6 29. Ne2 b5 30. Qf4 Qe5 31. Qg4 R8c7 32. Nf4 Bc8 33. Qg3 Bb7 34. Qg4 Bc8 35. Qg3 Bb7 36. e4 Rd7 37. exd5 g5 38. Qh3 Bc8 39. Nd3 Rdxd5 40. Qh5 1-0


[Site "http://www.chessbomb.com"]